 Dungeon Crawl Stone Soup version 0.20.1-1-g8b1a95d (webtiles) character file.

63 pstr the Conjurer (level 4, -1/24 HPs)
             Began as a Kobold Conjurer on Nov 14, 2017.
             Slain by a hobgoblin (5 damage)
             ... on level 3 of the Dungeon.
             The game lasted 00:06:09 (2102 turns).

pstr the Conjurer (Kobold Conjurer)                 Turns: 2102, Time: 00:06:10

Health: -1/24      AC:  6    Str:  5    XL:     4   Next: 31%
Magic:  6/8        EV: 15    Int: 17    God:
Gold:   27         SH:  0    Dex: 15    Spells: 5/8 levels left

rFire    . . .     SeeInvis .   d - +0 short sword
rCold    . . .     Gourm    .   (shield restricted)
rNeg     . . .     Faith    .   a - +0 robe
rPois    .         Spirit   .   (no helmet)
rElec    .         Reflect  .   (no cloak)
rCorr    .         Harm     .   l - +1 pair of gloves
MR       .....                  h - +0 pair of boots
Stlth    ++........             (no amulet)
Regen    0.1/turn               j - +1 ring of protection
MPRegen  0.2/turn               (no ring)

@: no status effects
A: carnivore 3
a: no special abilities


You were on level 3 of the Dungeon.
You were completely stuffed.

You visited 1 branch of the dungeon, and saw 3 of its levels.

You collected 27 gold pieces.

Inventory:

Hand Weapons
 d - a +0 short sword (weapon)
Missiles
 e - 53 stones (quivered)
Armour
 a - a +0 robe (worn)
 h - a +0 pair of boots (worn)
 i - a +0 leather armour
 l - a +1 pair of gloves (worn)
Jewellery
 j - a +1 ring of protection (left hand)
Scrolls
 g - 2 scrolls of fear {unknown}
 k - a scroll of teleportation {unknown}
 n - 2 scrolls of identify {unknown}
 p - a scroll of magic mapping {unknown}
 r - a scroll of blinking {unknown}
Potions
 m - 2 potions of brilliance {unknown}
 o - a potion of berserk rage {unknown}
Books
 b - a book of Conjurations

   Spells                             Type                      Level
   a - Magic Dart                     Conjuration                  1
   b - Searing Ray                    Conjuration                  2
   c - Dazzling Spray                 Conjuration/Hexes            3
   d - Fulminant Prism                Conjuration/Hexes            4
   e - Force Lance                    Conjuration/Translocation    4
   f - Iskenderun's Mystic Blast      Conjuration                  4
Comestibles
 c - 2 meat rations
 f - 3 royal jellies
 q - 3 chunks of flesh


   Skills:
 + Level 0.3 Short Blades
 + Level 2.5 Dodging
 + Level 3.2 Stealth
 + Level 2.9 Spellcasting
 + Level 4.9 Conjurations


You had 5 spell levels left.
You knew the following spells:

 Your Spells              Type           Power        Failure   Level  Hunger
a - Magic Dart            Conj           ###.         2%          1    #......
b - Searing Ray           Conj           ###...       3%          2    ##.....


Dungeon Overview and Level Annotations

Branches:
Dungeon (3/15)

Altars:

Annotations:
D:2 Sigmund


Innate Abilities, Weirdness & Mutations

You are small and have problems with some larger weapons.
You are carnivorous and can eat meat at any time.


Message History

The goblin misses you. The goblin hits you.
* * * LOW HITPOINT WARNING * * *
A hobgoblin comes into view. It is wielding a club.
There is a stone staircase leading down here.
The goblin hits you but does no damage. The hobgoblin hits you.
* * * LOW HITPOINT WARNING * * *
You climb downwards.
Found a scroll labeled QIESAG ZISOBB.
Found a stone staircase leading down.
There is a stone staircase leading up here.
Casting: Searing Ray
Confirm with . or Enter, or press ? or * to list all spells.
Aiming: Searing Ray
Press: ? - help, Shift-Dir - straight line, f - goblin
Aim: a goblin The searing ray hits the goblin.
You kill the goblin! (Press . to maintain the ray.)
The hobgoblin hits you.
You die...

##.....#
#.....?#
.##......#
.........#
#.......#####
...........#
#..>.....#
#†@.....#
#..g....#
#.......#
#.......#
#########


You could see a hobgoblin.

Vanquished Creatures
  An adder (D:2)
  A gnoll (D:1)
  A worm (D:2)
  2 leopard geckos (D:1)
  A giant cockroach (D:1)
  3 goblins
  5 hobgoblins
  3 jackals (D:2)
  4 kobolds
  2 quokkas (D:2)
  6 bats
  A frilled lizard (D:1)
  6 rats
36 creatures vanquished.

Notes
Turn   | Place    | Note
-------+----------+-------------------------------------------
     0 | D:1      | pstr the Kobold Conjurer began the quest for the Orb.
     0 | D:1      | Reached XP level 1. HP: 10/10 MP: 3/3
    28 | D:1      | Noticed an electric eel
    28 | D:1      | Noticed an electric eel
   294 | D:1      | Reached XP level 2. HP: 15/15 MP: 3/5
   786 | D:1      | Learned a level 2 spell: Searing Ray
   846 | D:1      | Reached XP level 3. HP: 3/19 MP: 2/6
  1741 | D:2      | Reached XP level 4. HP: 24/24 MP: 2/8
  1952 | D:2      | Noticed Sigmund
  2102 | D:3      | Slain by a hobgoblin

Skill      XL: |  1  2  3 |
---------------+----------+-----
Stealth        | 3 |  3.2
Short Blades   | |  0.3
Dodging        | |  2.5
Spellcasting   | |  2.9
Conjurations   | |  4.9

Action                   |  1- 3 |  4- 6 || total
-------------------------+-------+-------++-------
Melee: Short sword       |    14 |     4 ||    18
 Cast: Magic Dart        |    48 |     8 ||    56
       Searing Ray       |     5 |     5 ||    10
  Eat: Chunk             |    11 |     2 ||    13
Armor: Robe              |     4 |     6 ||    10
Dodge: Dodged            |    25 |     7 ||    32
